 Dungeon Crawl Stone Soup version 0.28.0-53-g5a82cb258f (webtiles) character file.

Game seed: 7751767377905010829

0 cbfl8 the Skirmisher (level 1, -6/18 HPs)
             Began as a Demonspawn Berserker on July 18, 2022.
             Was a Follower of Trog.
             Mangled by a kobold
             ... wielding a +4 short sword of electrocution
              (12 damage)
             ... on level 1 of the Dungeon.
             The game lasted 00:00:03 (125 turns).

cbfl8 the Skirmisher (Demonspawn Berserker)          Turns: 125, Time: 00:00:05

Health: -6/18      AC:  2    Str: 17    XL:     1   Next: 8%
Magic:  1/1        EV: 12    Int:  8    God:    Trog [*.....]
Gold:   0          SH:  0    Dex: 12    Spells: 0/0 levels left

rFire   . . .      SeeInvis .   a - +0 hand axe
rCold   . . .      Faith    .   (no shield)
rNeg    . . .      Spirit   .   b - +0 animal skin
rPois   .          Reflect  .   (no helmet)
rElec   .          Harm     .   (no cloak)
rCorr   .          Rampage  .   (no gloves)
Will    .....                   (no boots)
Stlth   +.........              (no amulet)
HPRegen 0.06/turn               (no ring)
MPRegen 0.07/turn               (no ring)

@: no status effects
A: no striking features
a: Renounce Religion, Berserk


You were on level 1 of the Dungeon.
You worshipped Trog.
Trog was aware of your devotion.
You visited 1 branch of the dungeon, and saw 1 of its levels.

Inventory:

Hand Weapons
 a - a +0 hand axe (weapon)
Armour
 b - a +0 animal skin (worn)


   Skills:
 + Level 3.0 Fighting
 + Level 2.7 Axes
 + Level 1.7 Armour
 + Level 1.7 Dodging


You couldn't memorise any spells.
You didn't know any spells.
Your spell library was empty.

Dungeon Overview and Level Annotations

Branches:
Dungeon (1/15)

Altars:


Message History

A ball python comes into view.
A ball python is nearby!
You barely miss the ball python. The ball python closely misses you.
The ball python barely misses you. x2; The ball python completely misses you.
A ball python is nearby!
You closely miss the ball python. The ball python misses you.
The ball python barely misses you.
A ball python is nearby!
You closely miss the ball python. The ball python bites you.
The ball python barely misses you. x2; The ball python closely misses you.
A ball python is nearby!
You barely miss the ball python. The ball python misses you.
The ball python grabs you. The ball python constricts you.
A ball python is nearby!
You closely miss the ball python. The ball python barely misses you.
The ball python constricts you. The ball python bites you.
The ball python constricts you.
A ball python is nearby!
You hit the ball python.
You kill the ball python!
Trog accepts your kill.
HP restored.
Found a club.
No target in view!
A ball python and a kobold come into view.
The kobold is wielding a +4 short sword of electrocution.
Found a scroll labelled JARIEN FIZACVO.
The ball python hisses angrily.
The kobold shouts!
The kobold moves out of view.
Found 13 gold pieces.
The kobold hits you with a +4 short sword of electrocution!
There are monsters nearby!
You hit the ball python.
You kill the ball python!
Trog accepts your kill.
You hit the kobold.
The kobold hits you with a +4 short sword of electrocution.
You are electrocuted!
Ouch! That really hurt!
You die...

.......$..##
.♣.♣........#
............###.
................
...............#
.?..............
............##..
........@......♣
.....♣♣.♣K.....P
.## ♣♣♣.♣####..P
#.# ♣P♣.♣♣# .
######..#
♣♣♣♣..P.#
.......#
♣PP....♣# .....#
♣P..♣P.♣ ....#
♣P..P.♣♣ ....#
#♣♣..♣♣♣♣


You could see a kobold.

Vanquished Creatures
  2 ball pythons (D:1)
2 creatures vanquished.

Notes
Turn   | Place    | Note
-------+----------+-------------------------------------------
     0 | D:1      | cbfl8 the Demonspawn Berserker began the quest for the Orb.
     0 | D:1      | Reached XP level 1. HP: 18/18 MP: 1/1
   125 | D:1      | Mangled by a kobold

Illustrated notes

Levels and vault maps discovered:
D:1:      dpeg_arrival_tiny_j, layout_rooms, serial_forest,
          infiniplex_forest_split, infiniplex_forest_lined_2,
          infiniplex_forest_end_double, infiniplex_forest_lined_3,
          infiniplex_forest_lined_room_2, infiniplex_forest_clump_medium,
          infiniplex_forest_straight_2, infiniplex_forest_clump_small,
          minmay_heptomino_l4

Action                   || total
-------------------------++-------
Melee: Hand axe          ||     7
Dodge: Dodged            ||    11
